 Dungeon Crawl Stone Soup version 0.17-a0-1481-gfdcec5c (webtiles) character file.

12 hexophile the Magician (level 2, -2/22 HPs)
             Began as a Naga Wizard on July 4, 2015.
             Slain by a jackal (3 damage)
             ... on level 1 of the Dungeon.
             The game lasted 00:00:52 (833 turns).

hexophile the Magician (Naga Wizard)                 Turns: 833, Time: 00:00:53

Health: -2/22      AC:  1    Str:  9    XL:     2   Next: 33%
Magic:  1/6        EV:  9    Int: 18    God:
Gold:   0          SH:  0    Dex:  9    Spells: 1 memorised, 6 levels left

rFire  . . .     SeeInvis +     (no weapon)
rCold  . . .     Clarity  .     a - +0 robe
rNeg   . . .     SustAt   .     (no shield)
rPois  +         Gourm    .     b - +0 hat
rElec  .         Spirit   .     (no cloak)
rCorr  .         Warding  .     (no gloves)
rMut   .         Stasis   .     (no barding)
MR     .....                    (no amulet)
Stlth  ++........               (no ring)
                                (no ring)

@: very slightly contaminated, very slow, not resistant to hostile enchantments,
unstealthy
A: see invisible, deformed body, poison resistance, slowness 2, slow metabolism
1, spit poison 2, AC +0
a: Spit Poison


You were on level 1 of the Dungeon.
You were not hungry.

You visited 1 branch of the dungeon, and saw 1 of its levels.

Inventory:

Armour
 a - a +0 robe (worn)
 b - a +0 hat (worn)
Scrolls
 g - a scroll of magic mapping {unknown}
Potions
 e - a potion of mutation {unknown}
Books
 c - a book of Minor Magic

   Spells                             Type                      Level
   a - Magic Dart                     Conjuration                  1
   b - Blink                          Translocation                2
   c - Call Imp                       Summoning                    2
   d - Repel Missiles                 Charms/Air                   2
   e - Slow                           Hexes                        2
   f - Conjure Flame                  Conjuration/Fire             3
   g - Mephitic Cloud                 Conjuration/Poison/Air       3
Comestibles
 d - a bread ration
 f - a meat ration


   Skills:
 + Level 1.6 Dodging
 - Level 3.0 Stealth
 * Level 3.2 Spellcasting
 * Level 1.7 Conjurations
   Level 1.0 Summonings
   Level 1.0 Translocations


You had 6 spell levels left.
You knew the following spells:

 Your Spells              Type           Power        Failure   Level  Hunger
a - Magic Dart            Conj           #...         10%         1    None


Dungeon Overview and Level Annotations

Branches:
Dungeon (1/15)

Altars:


Innate Abilities, Weirdness & Mutations

You cannot wear boots.
Your serpentine skin is tough (AC +0).
You have supernaturally acute eyesight.
Armour fits poorly on your strangely shaped body.
Your system is resistant to poisons.
You cover ground very slowly.
You have a slow metabolism.
You can spit poison.


Message History

The jackal is heavily wounded.
The goblin shouts!
The jackal barks!
The jackal barks!
The jackal barely misses you.
The jackal bites you but does no damage.
The jackal bites you.
* * * LOW HITPOINT WARNING * * *
Casting: Magic Dart
Confirm with . or Enter, or press ? or * to list all spells.
You don't know that spell.
The jackal barely misses you.
You have got your breath back.
The rat twitches its whiskers.
The jackal closely misses you.
The rat twitches its whiskers.
The jackal bites you.
* * * LOW HITPOINT WARNING * * *
The jackal bites you.
* * * LOW HITPOINT WARNING * * *
The jackal bites you.
You die...

#######........ #.......#######
#.#.###.....รท.# .# # #.#.#
#.......##.# .#
#.#.###.......##.###.#
#.#.(....#######.....#..## .#
####.#.########.............##.##
.................$..........K....
................@hh..#......#..##
....##.#.#####.###h..#... .......
.##.##.#.......###...#.# #....#
....####.####........r.####....##
##..####.####.####...g...........
##.........##.#..#........#...##.
#...#.####.##.#..#...............
#.......##.##......#......##..#..
........##....................# .


You could see 3 jackals, a goblin and a rat.

Vanquished Creatures
  A giant cockroach (D:1)
  A hobgoblin (D:1)
  4 jackals (D:1)
  2 bats (D:1)
  A kobold (D:1)
  3 rats (D:1)
12 creatures vanquished.

Notes
Turn   | Place    | Note
--------------------------------------------------------------
     0 | D:1      | hexophile the Naga Wizard began the quest for the Orb.
     0 | D:1      | Reached XP level 1. HP: 15/15 MP: 4/4
   339 | D:1      | Reached XP level 2. HP: 16/22 MP: 0/6
   832 | D:1      | HP: 1/22 [jackal (1)]
   833 | D:1      | Slain by a jackal

Vault maps used:
D:1:      dpeg_arrival_windows_large_door, st_stairs_3,
          hangedman_decor_opposing, nrook_loot_triangle

Action                   || total
-------------------------++-------
Melee: Unarmed           ||    26
 Cast: Magic Dart        ||    19
 Abil: Spit Poison       ||     6
